 Dungeon Sprint DCSS version 0.18.1-8-gdd0e5ea (webtiles) character file.

1781 Hipnos the Earth Mage (level 8, -7/73 HPs)
             Began as a Deep Dwarf Earth Elementalist on May 21, 2016.
             Was a High Priest of Sif Muna.
             Mangled by a deep troll (15 damage)
             ... in the Dungeon (Sprint I: "Red Sonja").
             The game lasted 00:08:47 (1019 turns).

Hipnos the Earth Mage (DDEE)                        Turns: 1019, Time: 00:08:48

Health: -7/73      AC:  2    Str: 12    XL:     8   Next: 81%
Magic:  0/20       EV: 17    Int: 18    God:    Sif Muna [*****.]
Gold:   571        SH:  0    Dex: 13    Spells: 5 memorised, 8 levels left

rFire  . . .     SeeInvis .     (no weapon)
rCold  . . .     Gourm    .     b - +0 robe {MR+}
rNeg   . . .     Faith    .     (no shield)
rPois  .         Spirit   .     (no helmet)
rElec  .         Dismiss  .     (no cloak)
rCorr  .         Reflect  .     (no gloves)
SustAt .         Harm     .     (no boots)
MR     ++...     NoTele   +     (no amulet)
Stlth  ++........               (no ring)
                                (no ring)

@: very slightly contaminated, non-regenerating, very resistant to hostile
enchantments, unstealthy
A: damage resistance, recharge devices, sense surroundings 1, slow regeneration
3
a: Device Recharging, Channel Energy, Forget Spell, Renounce Religion


You were in the Dungeon.
You worshipped Sif Muna.
Sif Muna was extremely pleased with you.
You were not hungry.

You visited 1 branch You collected 571 gold pieces.

Inventory:

Hand Weapons
 j - a +0 dagger
Armour
 a - a +0 robe
 b - a +0 robe of magic resistance (worn)
 l - a +0 leather armour
Wands
 d - a wand of heal wounds (0/9)
Potions
 h - a potion of haste
 i - a potion of magic
Books
 c - a book of Geomancy

   Spells                             Type                      Level
   a - Sandblast                      Earth                        1
   b - Passwall                       Transmutation/Earth          2
   c - Stone Arrow                    Conjuration/Earth            3
   d - Petrify                        Transmutation/Earth          4
   e - Lee's Rapid Deconstruction     Earth                        5


   Skills:
 + Level 4.8 Fighting
 + Level 9.5 Dodging
 - Level 2.4 Stealth
 + Level 8.0 Spellcasting
 - Level 0.8 Transmutations
 * Level 15.2 Earth Magic
 * Level 10.5 Evocations


You had 8 spell levels left.
You knew the following spells:

 Your Spells              Type           Power        Failure   Level  Hunger
a - Sandblast             Erth           ######       1%          1    None
b - Passwall              Trmt/Erth      #####.....   1%          2    None
c - Stone Arrow           Conj/Erth      ####..       1%          3    #......
d - Petrify               Trmt/Erth      #####...     3%          4    ###....
e - Lee's Rapid Deconstr  Erth           ######....   1%          5    #####..


Dungeon Overview and Level Annotations

Branches:
Dungeon (1/1)

Altars:
Cheibriados
Dithmenos
Elyvilon
Fedhas
Gozag
Kikubaaqudgha
Makhleb
Nemelex Xobeh
Okawaru
Pakellas
Qazlal
Ru
Sif Muna
Trog
Vehumet
Xom
Yredelemnul
Zin
The Shining One
Jiyva

Shops:
D %[


Innate Abilities, Weirdness & Mutations

You are resistant to damage.
You can recharge devices by infusing magical energy.
You passively map a small area around you.
You do not regenerate naturally.


Message History

Press: ? - help, Dir - move target cursor The wall shatters!
The blast of rock fragments hits the deep troll.
The deep troll is severely wounded.
Casting: Lee's Rapid Deconstruction
Confirm with . or Enter, or press ? or * to list all spells.
Aiming: Sandblast
Press: ? - help, Shift-Dir - straight line, f - deep troll
Aim: a deep troll (severely wounded)
The blast of sand hits the deep troll.
The deep troll is almost dead.
Casting: Sandblast
Confirm with . or Enter, or press ? or * to list all spells.
Aiming: Sandblast
Press: ? - help, Shift-Dir - straight line, f/p - deep troll
Aim: a deep troll (severely wounded)
The blast of sand hits the deep troll.
The deep troll is severely wounded.
The deep troll closely misses you. The deep troll claws you!
You die...

####'#####T#__####...+
, ###..#...#.####,
#####, + ,
__####..##[# ≈ *, +* *
,, _.___##'#..+ ≈,, ,,
* _.∩...'..._#≈ ,
_..._##_.#'#
_____###)#.#, ##,+,* ,
########.####+###(## ,
, +...'...$T@(∩# ,
#...########## , ,
##.## , ,,, , , ,, #+#
* , ,, , * , , ,, , ,
* * *+ * * ,, , ≈ * ,
, , , , ,


You could see a deep troll.

Vanquished Creatures
  Sonja (D)
  2 kobold demonologists (D)
  A slime creature (D)
  Sigmund (D)
  A yak (D)
  A giant eyeball (D)
  An ogre (D)
  A jelly (D)
  Ijyb (D)
10 creatures vanquished.

Vanquished Creatures (others)
  A gargoyle (D)
1 creature vanquished.

Grand Total: 11 creatures vanquished

Notes
Turn   | Place    | Note
--------------------------------------------------------------
     0 | D        | Hipnos the Deep Dwarf Earth Elementalist began the quest for the Orb.
     0 | D        | Reached XP level 1. HP: 15/15 MP: 3/3
     2 | D        | Noticed Ijyb
   132 | D        | Killed Ijyb
   132 | D        | Reached skill level 1 in Fighting
   132 | D        | Reached XP level 2. HP: 24/26 MP: 0/5
   285 | D        | Learned a level 2 spell: Passwall
   287 | D        | Noticed an ogre
   293 | D        | Killed an ogre
   293 | D        | Reached skill level 6 in Earth Magic
   293 | D        | Reached skill level 5 in Evocations
   293 | D        | Reached XP level 3. HP: 16/33 MP: 0/7
   293 | D        | Reached XP level 4. HP: 20/40 MP: 0/8
   374 | D        | Learned a level 3 spell: Stone Arrow
   374 | D        | Noticed Sigmund
   378 | D        | Killed Sigmund
   378 | D        | Reached skill level 8 in Earth Magic
   378 | D        | Reached XP level 5. HP: 44/50 MP: 5/11
   394 | D        | Found a deep blue altar of Sif Muna.
   396 | D        | Found a radiant altar of Vehumet.
   400 | D        | Became a worshipper of Sif Muna the Loreminder
   401 | D        | Reached XP level 6. HP: 41/57 MP: 7/12
   428 | D        | Found Rokh's Food Emporium.
   428 | D        | Found a white marble altar of Elyvilon.
   428 | D        | Found a stormy altar of Qazlal.
   428 | D        | Found a burning altar of Makhleb.
   428 | D        | Found a sacrificial altar of Ru.
   428 | D        | Found an oddly glowing altar of Pakellas.
   428 | D        | Found a basalt altar of Yredelemnul.
   428 | D        | Found a glowing golden altar of the Shining One.
   428 | D        | Found a sparkling altar of Nemelex Xobeh.
   428 | D        | Found a shimmering altar of Xom.
   428 | D        | Found an opulent altar of Gozag.
   428 | D        | Found an ancient bone altar of Kikubaaqudgha.
   428 | D        | Found a glowing silver altar of Zin.
   428 | D        | Noticed a yak
   433 | D        | Killed a yak
   433 | D        | Reached * piety under Sif Muna
   433 | D        | Reached skill level 5 in Spellcasting
   433 | D        | Reached skill level 9 in Earth Magic
   434 | D        | Found an iron altar of Okawaru.
   435 | D        | Found a bloodstained altar of Trog.
   458 | D        | Found a snail-covered altar of Cheibriados.
   458 | D        | Found a viscous altar of Jiyva.
   458 | D        | Found a shadowy altar of Dithmenos.
   458 | D        | Found a blossoming altar of Fedhas.
   458 | D        | Noticed a slime creature
   465 | D        | Killed a slime creature
   465 | D        | Reached ** piety under Sif Muna
   465 | D        | Reached skill level 10 in Earth Magic
   465 | D        | Reached XP level 7. HP: 31/66 MP: 3/15
   471 | D        | Learned a level 4 spell: Petrify
   477 | D        | Learned a level 5 spell: Lee's Rapid Deconstruction
   582 | D        | Noticed a kobold demonologist
   583 | D        | Noticed a kobold demonologist
   587 | D        | Noticed a sixfirhy
   589 | D        | Killed a kobold demonologist
   589 | D        | Reached *** piety under Sif Muna
   589 | D        | Reached skill level 12 in Earth Magic
   589 | D        | Killed a kobold demonologist
   589 | D        | Reached skill level 13 in Earth Magic
   589 | D        | Reached XP level 8. HP: 34/73 MP: 0/18
   591 | D        | Paralysed by a giant eyeball for 2 turns
   595 | D        | Reached **** piety under Sif Muna
   765 | D        | Noticed Sonja
   774 | D        | Killed Sonja
   774 | D        | Reached ***** piety under Sif Muna
   774 | D        | Reached skill level 15 in Earth Magic
   774 | D        | Reached skill level 10 in Evocations
   888 | D        | Noticed a deep troll
   914 | D        | Killed a gargoyle
  1014 | D        | Found Ycsozu's Armour Emporium.
  1019 | D        | Mangled by a deep troll

Skill      XL: |  1  2  3  4  5  6  7  8 |
---------------+-------------------------+-----
Fighting       | 1 2 3 4 |  4.8
Dodging        | 4 6 8 9 |  9.5
Spellcasting   | 2 3 4 5 7 8 |  8.0
Evocations     | 3 5 6 7 8 9 10 | 10.5
Earth Magic    | 6 8 10 13 15 | 15.2
Stealth        | |  2.4
Transmutations | |  0.8

Action                   |  1- 3 |  4- 6 |  7- 9 || total
-------------------------+-------+-------+-------++-------
Melee: Unarmed           |   113 |       |     6 ||   119
 Cast: Sandblast         |    14 |    16 |    10 ||    40
       Lee's Rapid Decon |       |       |    14 ||    14
       Petrify           |       |       |     3 ||     3
Evoke: Wand              |     3 |     2 |       ||     5
  Use: Potion            |     1 |     1 |     2 ||     4
       Scroll            |       |       |     1 ||     1
 Stab: Petrified         |       |       |     1 ||     1
  Eat: Bread ration      |       |       |     1 ||     1
       Pizza             |       |       |     1 ||     1
Armor: Robe              |    14 |       |       ||    14
Dodge: Dodged            |    34 |     5 |     5 ||    44
